Description

Test

Build Order

Why is there no SALT encoding or Overwolf build?

  12  0:00  Probe (Chrono Boost)  
  13  0:11  Probe (Chrono Boost)  
  14  0:21  Pylon  
  14  0:23  Probe (Chrono Boost)  
  15  0:39  Probe (Chrono Boost)  
  15  0:40  Gateway  
  16  0:45  Assimilator  
  16  0:49  Probe (Chrono Boost)  
  17  1:01  Probe (Chrono Boost)  
  18  1:12  Probe (Chrono Boost)  
  19  1:24  Nexus  
  19  1:36  Cybernetics Core  
  19  1:39  Probe (Chrono Boost)  
  20  1:50  Probe (Chrono Boost)  
  20  1:52  Pylon  
  21  2:00  Probe (Chrono Boost)  
  22  2:12  Warp Gate, Adept  
  28  2:50  Adept, Gateway  
  31  2:57  Gateway  
  34  3:12  Assimilator  
  35  3:14  Pylon  
  41  3:35  Adept  
  41  3:40  Robotics Facility  
  43  3:51  Twilight Council  
  47  4:15  Pylon, Adept x2, Resonating Glaives  
  54  4:20  Adept, Assimilator  
  54  4:23  Assimilator  
  58  4:37  Observer, Adept  
  62  4:41  Adept  
  62  4:54  Pylon  
  68  5:10  Immortal, Gateway x3  
  69  5:20  Gateway  
  72  5:28  Adept  
  76  5:44  Immortal  
      Nexus  
Spawning Tool Build Advisor. Get it on Overwolf

Go to:

Details

  • Created by: jjaka1850
  • Published on: Jun 19, 2026
  • Modified on: Jun 19, 2026
  • Patch: 5.0.11
  • Difficulty: Easy
Show

Export as new Build Order

Comments (0)

There are no comments. Be the first!

Create an account to comment!